Match 38712152
Unlisted

Match 38712152
End
Kettenkrad Recon Vehicle
Construct Infanterie Kompanie
Grenadier Squad
MG 42 Machine Gun Team
Grenadier Squad
Selects Italian Coastal Battlegroup
Selects Coastal Reserves
Coastal Reserve
Construct Panzergrenadier Kompanie
MG 42 Bunker
Selects Support Bunkers
Medical Bunker
GrW 34 Mortar Team
Support Elements
MG 42 Bunker
Nebelwerfer 42 Rocket Launcher Team
Selects Designated Artillery Overwatch
Pak 40 Anti-tank Gun Team
Selects Bulwark
Coastal Reserve
Construct Luftwaffe Kompanie
oberlet
风城玫瑰
意如亦戊
KG_HyperX
ConcernedApe
TunaSandwich
高磊
KrysKryngles
0
0

Comments sign in to comment!

No comments posted yet!